[Event "Titled Tuesday Blitz March 28 Late 2023"]
[White "Hajiyev, Kanan"]
[Black "Abduzhaparov"]
[WhiteFideId "13404148"]
[WhiteElo "2103"]
[BlackElo "2398"]
[Result "1/2-1/2"]
[Round "07"]
[TimeControl "180+2"]
[Date "2023.03.28"]
[WhiteClock "0:00:06"]
[BlackClock "0:00:09"]

1. d4 d6 2. Nf3 Nf6 3. c4 Nbd7 4. g3 e5 5. Bg2 g6 6. O-O Bg7 7. b3 O-O 8. Bb2 Re8 9. Nc3 c6 10. e4 exd4 11. Nxd4 Nc5 12. Qc2 a5 13. Rad1 Qb6 14. Kh1 Bd7 15. f3 Rad8 16. Rfe1 Bc8 17. Bc1 Nfd7 18. Bg5 f6 19. Be3 Qc7 20. a3 Ne5 21. b4 axb4 22. axb4 Na6 23. Qb3 Kh8 24. h3 Qf7 25. c5 dxc5 26. Qxf7 Nxf7 27. bxc5 Kg8 28. Nb3 f5 29. Rxd8 Rxd8 30. Na4 fxe4 31. fxe4 Rd3 32. Nc1 Ra3 33. Nb6 Be6 34. Bf2 Bc3 35. Re3 Bb4 36. Rxa3 Bxa3 37. Nd3 Bc4 38. Bf1 Bxd3 39. Bxd3 Bxc5 40. Bxc5 Nxc5 41. Bc2 Ne5 42. Kg2 Kf7 43. Kf2 Ke6 44. Ke3 Kd6 45. Kd4 Ned7 46. Nc4+ Kc7 47. e5 Ne6+ 48. Ke4 Ndc5+ 49. Kf3 Nd4+ 50. Kg4 Nxc2 51. Kg5 Nd4 52. Kh6 b5 53. Nd6 Nd7 54. Nf7 b4 55. Kxh7 b3 56. e6 Nxe6 57. Kxg6 Nef8+ 58. Kg7 b2 59. g4 b1=Q 60. h4 Qb2+ 61. Kh6 Qc1+ 62. g5 Qf1 63. h5 Qxf7 64. g6 Qf6 1/2-1/2


[Site "https://www.chess.com"]

[Event "Titled Tuesday Blitz March 28 Late 2023"]
[White "Jorajuria Mendoza, Algol"]
[Black "Ronka, Erik"]
[WhiteFideId "5128897"]
[BlackFideId "505080"]
[WhiteElo "2076"]
[BlackElo "2264"]
[Result "0-1"]
[Round "07"]
[TimeControl "180+2"]
[Date "2023.03.28"]
[WhiteClock "0:00:33"]
[BlackClock "0:01:32"]

1. e4 g6 2. d4 Bg7 3. Nc3 c6 4. Be3 d5 5. e5 f6 6. exf6 Nxf6 7. h3 O-O 8. Nf3 Nbd7 9. Be2 Qe8 10. O-O e5 11. dxe5 Nxe5 12. Bc5 Rf7 13. Re1 Nxf3+ 14. Bxf3 Qd8 15. a4 b6 16. Be3 Bb7 17. a5 Qc7 18. axb6 axb6 19. Rxa8+ Bxa8 20. Qd2 Rd7 21. Bf4 Qd8 22. g4 c5 23. Nb5 d4 24. Bxa8 Qxa8 25. Nc7 Qf3 26. Qd3 Qxf4 27. Ne6 Qd6 28. Qc4 Qd5 29. Qa6 Re7 30. Qc8+ Re8 0-1


[Site "https://www.chess.com"]

[Event "Titled Tuesday Blitz March 28 Late 2023"]
[White "Gerbelli Neto, Eduardo"]
[Black "Yurasova, Daria"]
[WhiteFideId "2103281"]
[BlackFideId "34146919"]
[WhiteElo "2178"]
[BlackElo "2134"]
[Result "1-0"]
[Round "07"]
[TimeControl "180+2"]
[Date "2023.03.28"]
[WhiteClock "0:00:13"]
[BlackClock "0:00:08"]

1. e4 e5 2. Nf3 Nc6 3. d4 exd4 4. Nxd4 Nf6 5. Nc3 Bb4 6. Nxc6 bxc6 7. Bd3 d5 8. e5 Nd7 9. O-O Nc5 10. Qh5 Nxd3 11. cxd3 O-O 12. f4 Re8 13. d4 Bf8 14. f5 c5 15. f6 g6 16. Qh4 cxd4 17. Bh6 Rxe5 18. Bxf8 Qxf8 19. Qxd4 Qd6 20. Rae1 Rxe1 21. Rxe1 Be6 22. Qd2 c5 23. Ne4 Qf8 24. Ng5 Re8 25. Qa5 h6 26. Nf3 d4 27. Qxa7 Qd6 28. Ne5 Bd5 29. Nd3 Rxe1+ 30. Nxe1 Qxf6 31. Qxc5 Bxa2 32. Nf3 d3 33. Qd6 Bb1 34. Qxf6 1-0


[Site "https://www.chess.com"]

[Event "Titled Tuesday Blitz March 28 Late 2023"]
[White "Toniutti, Ezio"]
[Black "Wang, Alexander J"]
[WhiteFideId "113034"]
[BlackFideId "30955270"]
[WhiteElo "2215"]
[BlackElo "2322"]
[Result "1-0"]
[Round "07"]
[TimeControl "180+2"]
[Date "2023.03.28"]
[WhiteClock "0:00:11"]
[BlackClock "0:00:15"]

1. d4 d5 2. c4 e6 3. Nf3 c5 4. cxd5 exd5 5. Nc3 Nc6 6. dxc5 d4 7. Na4 Bxc5 8. Nxc5 Qa5+ 9. Bd2 Qxc5 10. b4 Qb6 11. a4 a6 12. b5 axb5 13. axb5 Rxa1 14. Qxa1 Qxb5 15. e3 Qd5 16. Be2 Nf6 17. O-O d3 18. Bd1 O-O 19. Bc3 Qd6 20. Bb3 Bg4 21. Nd4 Nxd4 22. Bxd4 h6 23. f3 Be6 24. Bxe6 Qxe6 25. Qc3 Qa6 26. Rd1 Re8 27. Qxd3 Qxd3 28. Rxd3 Rb8 29. Bb6 Rc8 30. Rb3 Nd5 31. Bd4 Rc7 32. Kf2 Rd7 33. Kg3 f6 34. e4 Ne7 35. Be3 Nc6 36. Bf4 Kf7 37. Rb6 g5 38. Be3 h5 39. h4 gxh4+ 40. Kxh4 Kg6 41. Kg3 Ne5 42. Bf4 Nc6 43. Kh3 f5 44. e5 Re7 45. Kh4 Kf7 46. Kxh5 Nxe5 47. Bxe5 Rxe5 48. Kg5 Rc5 49. Rxb7+ Ke6 50. Rb6+ Ke5 51. Rf6 Rc2 52. Rxf5+ Ke6 53. g4 Rf2 54. f4 Ke7 55. Ra5 Rg2 56. f5 Kf7 57. Ra7+ Kf8 58. Kf6 Kg8 59. g5 Rb2 60. Kg6 Rb8 61. f6 Kf8 62. Rh7 Kg8 63. f7+ Kf8 64. Rh8+ Ke7 65. Rxb8 Ke6 66. Kg7 Ke5 67. f8=Q Ke6 68. Re8+ Kd5 69. Qf5+ Kc6 70. Qc8+ Kd6 71. Re6+ Kd5 72. Qc6+ Kd4 73. Re4+ Kd3 74. Qc4+ Kd2 75. Re2+ Kd1 76. Qc2# 1-0


[Site "https://www.chess.com"]

[Event "Titled Tuesday Blitz March 28 Late 2023"]
[White "Onslow, Alfie"]
[Black "Vovk, Orest"]
[WhiteFideId "436976"]
[BlackFideId "14113490"]
[WhiteElo "2114"]
[BlackElo "2215"]
[Result "1-0"]
[Round "07"]
[TimeControl "180+2"]
[Date "2023.03.28"]
[WhiteClock "0:00:09"]
[BlackClock "0:00:15"]

1. Nf3 h6 2. e4 g5 3. d4 Bg7 4. Bc4 c5 5. dxc5 Qa5+ 6. c3 Qxc5 7. Qb3 e6 8. Be3 Qc7 9. Nbd2 Nc6 10. Qc2 Nge7 11. h4 g4 12. Nh2 g3 13. Nhf3 gxf2+ 14. Bxf2 Rg8 15. g4 Be5 16. Nxe5 Qxe5 17. Be2 d5 18. O-O-O d4 19. Kb1 dxc3 20. Nc4 Qf6 21. Nd6+ Kf8 22. Be3 Rg7 23. g5 hxg5 24. hxg5 Qe5 25. bxc3 Ng6 26. Bh5 Ke7 27. Rhf1 Bd7 28. Bxg6 fxg6 29. Qf2 Rag8 30. Qf6+ Qxf6 31. gxf6+ Kd8 32. fxg7 Rxg7 33. Nxb7+ Kc7 34. Nc5 Bc8 35. Bd4 Rh7 36. Rh1 Rf7 37. Rdf1 Re7 38. Rh6 e5 39. Be3 Ba6 40. Rf6 Bb5 41. Rhxg6 Rh7 42. Rh6 Rg7 43. Rfg6 Rf7 44. Rf6 Rg7 45. Ne6+ Kb7 46. Nxg7 Bd3+ 47. Kb2 Bxe4 48. Rf7+ Ka6 49. Ne6 Kb5 50. Nc5 Bd5 51. Rb7+ Kc4 52. Rxc6 Bxc6 53. Rc7 Kd5 54. Rxc6 Kxc6 55. Nd3 e4 56. Nb4+ Kb7 57. Kb3 a6 58. Nd5 Kc6 59. Kc4 a5 60. a4 Kb7 61. Kb5 Ka8 62. Kxa5 Kb7 63. Kb5 Ka8 64. a5 Kb7 65. Nb6 Ka7 66. a6 Kb8 67. Bf4+ Ka7 68. Nc4 e3 69. Bxe3+ Ka8 70. Nb6+ Ka7 71. Nd7+ Ka8 72. Nc5 Ka7 73. Kc6 Ka8 74. Kb6 Kb8 75. Nd7+ Ka8 76. Ne5 Kb8 77. Bc5 Ka8 78. c4 Kb8 79. Bb4 Ka8 80. c5 Kb8 81. c6 Ka8 82. Nc4 Kb8 83. c7+ Kc8 84. Nd6+ Kd7 85. c8=Q+ Ke7 86. Qe8+ Kf6 87. Ne4+ Kg7 88. Qe7+ Kg8 89. Qe5 Kf7 90. Qe7+ Kg8 91. Nf6+ Kh8 92. Qh7# 1-0


[Site "https://www.chess.com"]

[Event "Titled Tuesday Blitz March 28 Late 2023"]
[White "Bogaudinov, Rushan"]
[Black "Petukhov, Dmitry"]
[WhiteFideId "4129288"]
[BlackFideId "4142748"]
[WhiteElo "1949"]
[BlackElo "2311"]
[Result "1-0"]
[Round "07"]
[TimeControl "180+2"]
[Date "2023.03.28"]
[WhiteClock "0:00:38"]
[BlackClock "0:00:31"]

1. a3 a5 2. Nf3 Nf6 3. g3 g6 4. Bg2 Bg7 5. O-O O-O 6. d4 d5 7. b3 Ne4 8. Bb2 c5 9. e3 Nc6 10. Nc3 cxd4 11. Nxe4 dxe4 12. Nxd4 Nxd4 13. Bxd4 Bxd4 14. Qxd4 Qxd4 15. exd4 f5 16. c4 Be6 17. f3 a4 18. d5 Bf7 19. b4 b5 20. fxe4 bxc4 21. exf5 Rad8 22. fxg6 Bxg6 23. Rxf8+ Kxf8 24. Rc1 Rc8 25. Rc3 Bd3 26. Kf2 Kg7 27. Ke3 Rf8 28. Be4 Bf1 29. Kd4 Rf2 30. Rf3 Rd2+ 31. Kc3 Rd1 32. b5 Re1 33. Bc2 Bg2 34. Rf5 Bh3 35. Rf2 Bc8 36. Kxc4 Bb7 37. Rd2 Ra1 38. Kb4 Ra2 39. Kxa4 Bxd5 40. Rxd5 Rxc2 41. b6 Rc8 42. b7 Re8 43. Rc5 1-0


[Site "https://www.chess.com"]

[Event "Titled Tuesday Blitz March 28 Late 2023"]
[White "Garrido, Denis"]
[Black "Karamsetty, Jeevan"]
[WhiteFideId "601217"]
[BlackFideId "2025337"]
[WhiteElo "2304"]
[BlackElo "2111"]
[Result "0-1"]
[Round "07"]
[TimeControl "180+2"]
[Date "2023.03.28"]
[WhiteClock "0:01:06"]
[BlackClock "0:00:12"]

1. e4 g6 2. d4 d6 3. Nc3 Bg7 4. Bc4 Nf6 5. Qe2 e5 6. dxe5 dxe5 7. Bg5 c6 8. Nf3 Qa5 9. O-O O-O 10. Rad1 Nbd7 11. h3 Nb6 12. Bb3 Nh5 13. Rfe1 Kh8 14. a3 Nf4 15. Qf1 Be6 16. Be7 Bxb3 17. Bxf8 Bxc2 18. Bxg7+ Kxg7 19. Rd2 Bb3 20. g3 Bc4 21. Ne2 Nxe2+ 22. Rexe2 Bxe2 23. Qxe2 Qc5 24. Kg2 Re8 25. Nh4 Qc4 26. Qg4 Qe6 27. Qg5 h6 28. Qe3 Nc4 29. Qc3 Nxd2 30. Qxd2 Qf6 31. Qb4 b6 32. Nf3 c5 33. Qc4 Re7 34. h4 Qe6 35. Qe2 Qd6 36. Nd2 Rd7 37. Nc4 Qd4 38. f3 f6 39. Kh3 Qd1 40. Qe3 Qh1+ 41. Kg4 h5# 0-1


[Site "https://www.chess.com"]

[Event "Titled Tuesday Blitz March 28 Late 2023"]
[White "Dubreuil, Julien"]
[Black "a-z30"]
[WhiteFideId "621285"]
[WhiteElo "2295"]
[BlackElo "2501"]
[Result "0-1"]
[Round "07"]
[TimeControl "180+2"]
[Date "2023.03.28"]
[WhiteClock "0:00:04"]
[BlackClock "0:00:28"]

1. e4 d6 2. d4 Nf6 3. f3 g6 4. a4 Bg7 5. a5 O-O 6. Be3 e5 7. dxe5 dxe5 8. Qxd8 Rxd8 9. Nc3 Be6 10. g4 Nc6 11. a6 b6 12. Ra4 Nd4 13. Bd3 Nd7 14. b4 c5 15. Nb5 c4 16. Bxd4 cxd3 17. Bb2 dxc2 18. Ne2 Bf8 19. Kf2 Rdc8 20. Nbc3 Bc4 21. Rc1 Rc6 22. Nd5 Bxd5 23. exd5 Rc4 24. Ra2 Rac8 25. Ba3 b5 26. Ke1 Nb6 27. Kd2 Nxd5 28. Rcxc2 Rxc2+ 29. Rxc2 Bxb4+ 30. Bxb4 Rxc2+ 31. Kxc2 Nxb4+ 32. Kb3 Nxa6 33. Nc3 Nc7 34. Kb4 f6 35. Nxb5 Nxb5 36. Kxb5 Kf7 37. Ka6 Ke6 38. Kxa7 f5 39. g5 e4 40. fxe4 fxe4 0-1


[Site "https://www.chess.com"]

[Event "Titled Tuesday Blitz March 28 Late 2023"]
[White "Lopez Perdomo, Juan David"]
[Black "Papayan, Oleg"]
[WhiteFideId "4405137"]
[BlackFideId "4193911"]
[WhiteElo "1965"]
[BlackElo "2153"]
[Result "0-1"]
[Round "07"]
[TimeControl "180+2"]
[Date "2023.03.28"]
[WhiteClock "0:00:34"]
[BlackClock "0:01:13"]

1. e4 d5 2. exd5 Qxd5 3. Nf3 Bg4 4. Be2 Nc6 5. Nc3 Qd7 6. d4 O-O-O 7. Be3 Bxf3 8. Bxf3 Nxd4 9. Bxd4 Qxd4 10. Qxd4 Rxd4 11. Nb5 Rb4 12. Nxa7+ Kb8 13. a3 Rb6 14. O-O-O Kxa7 15. Rd8 Nf6 16. Re1 g6 17. Kb1 e6 18. g4 Bg7 19. Rd3 Rd6 20. Rb3 Rb6 21. Rc3 Nd5 22. Rb3 Rxb3 23. cxb3 c6 24. Bxd5 cxd5 25. Rc1 Kb6 26. a4 Be5 27. h3 h5 28. f3 hxg4 29. hxg4 Rh2 30. Rc8 Rxb2+ 31. Kc1 Rxb3 32. a5+ Kxa5 33. f4 Rc3+ 34. Kb1 Rxc8 35. fxe5 Rc4 36. g5 Rg4 37. Kc2 Rxg5 38. Kd3 Rxe5 39. Kd4 Re4+ 40. Kc5 d4 41. Kd6 d3 42. Ke7 d2 43. Kf6 d1=Q 44. Ke7 g5 45. Kf6 g4 46. Kg7 g3 47. Kf6 g2 48. Ke7 f5 49. Kf6 f4 50. Ke7 f3 51. Kf6 f2 52. Kg5 Re3 53. Kh4 e5 54. Kg5 b5 55. Kf6 b4 56. Kg5 b3 57. Kh4 b2 58. Kg5 Ra3 59. Kf6 e4 60. Ke6 e3 61. Ke5 e2 62. Kf4 Kb4 63. Kg4 Kb3 64. Kh3 Ka2+ 65. Kh2 Ra8 66. Kh3 b1=N 67. Kh4 e1=N 68. Kh3 Ka1 69. Kh2 f1=N+ 70. Kg1 Nf3+ 71. Kf2 Ra2# 0-1


[Site "https://www.chess.com"]

[Event "Titled Tuesday Blitz March 28 Late 2023"]
[White "Miszler, Levente"]
[Black "Djordjevic, Dejan N"]
[WhiteFideId "763276"]
[BlackFideId "913316"]
[WhiteElo "2176"]
[BlackElo "2261"]
[Result "1-0"]
[Round "07"]
[TimeControl "180+2"]
[Date "2023.03.28"]
[WhiteClock "0:00:32"]
[BlackClock "0:00:02"]

1. e4 c5 2. c3 d5 3. exd5 Qxd5 4. d4 Nc6 5. Nf3 Nf6 6. Be3 cxd4 7. cxd4 e6 8. Nc3 Qa5 9. Bd3 Be7 10. O-O O-O 11. Re1 Nb4 12. Bb1 Nbd5 13. Ne5 Rd8 14. Nxd5 Qxd5 15. a3 b6 16. Ba2 Qd6 17. Qf3 Rb8 18. Nc6 Bb7 19. Rac1 Bxc6 20. Rxc6 Qd7 21. Rec1 Rbc8 22. h3 h6 23. b4 a5 24. bxa5 bxa5 25. a4 Ba3 26. R1c2 Be7 27. g3 Rxc6 28. Qxc6 Qxc6 29. Rxc6 Rd7 30. Bb1 g6 31. Bd3 Kg7 32. Bb5 Rd8 33. Ra6 Bb4 34. Ra7 Nd5 35. Kg2 1-0


[Site "https://www.chess.com"]

[Event "Titled Tuesday Blitz March 28 Late 2023"]
[White "Feng, Eric"]
[Black "Gonzalez, Francisco Silva"]
[WhiteFideId "30952590"]
[BlackFideId "1512285"]
[WhiteElo "1785"]
[BlackElo "2074"]
[Result "1-0"]
[Round "07"]
[TimeControl "180+2"]
[Date "2023.03.28"]
[WhiteClock "0:01:39"]
[BlackClock "0:00:52"]

1. d4 Nf6 2. c4 e6 3. Nf3 d5 4. g3 dxc4 5. Bg2 Nc6 6. O-O Rb8 7. Ne5 Nxe5 8. dxe5 Qxd1 9. Rxd1 Nd5 10. e4 Nb4 11. Bg5 Bd7 12. Nd2 b5 13. a4 Nc2 14. Rac1 Nd4 15. Bf1 Nb3 16. Nxb3 cxb3 17. axb5 h6 18. Rxc7 hxg5 19. Rdxd7 Bc5 20. Rxf7 Bb6 21. Rce7+ Kd8 22. Bc4 Rf8 23. Rxf8+ Kxe7 24. Rxb8 Bd4 25. Bxb3 Bxe5 26. Rb7+ Kd6 27. Rxa7 Bxb2 28. Ra6+ Kc5 29. Rxe6 Kxb5 30. Bd5 Kc5 31. f4 Kd4 32. fxg5 Ke3 33. Kg2 Ke2 34. h4 Bd4 35. h5 Ke3 36. h6 Bf6 37. gxf6 g6 38. f7 g5 39. f8=Q g4 40. h7 Ke2 41. h8=Q Ke1 42. Rg6 1-0


[Site "https://www.chess.com"]

[Event "Titled Tuesday Blitz March 28 Late 2023"]
[White "Spata, German"]
[Black "Rottenwohrer Suarez, Juan"]
[WhiteFideId "113026"]
[BlackFideId "32068182"]
[WhiteElo "2238"]
[BlackElo "2174"]
[Result "1/2-1/2"]
[Round "07"]
[TimeControl "180+2"]
[Date "2023.03.28"]
[WhiteClock "0:00:07"]
[BlackClock "0:00:12"]

1. Nf3 c5 2. b3 d5 3. Bb2 Nf6 4. e3 g6 5. Bb5+ Bd7 6. Bxf6 exf6 7. Bxd7+ Qxd7 8. O-O Bg7 9. d4 f5 10. Nc3 O-O 11. Ne2 Nc6 12. Qd2 b6 13. Rad1 Rfd8 14. Nf4 cxd4 15. Nxd4 Nxd4 16. exd4 Rac8 17. Rfe1 Bh6 18. g3 Qc7 19. Re2 Bxf4 20. gxf4 Re8 21. Re5 f6 22. Rxd5 Qxc2 23. Rd7 a5 24. Qxc2 Rxc2 25. Rb7 Re6 26. d5 Rd6 27. Re1 Rc8 28. Ree7 Rxd5 29. Rg7+ Kf8 30. Rxh7 Kg8 31. Rbg7+ Kf8 32. Rxg6 Rc1+ 33. Kg2 Rc2 34. Rxf6+ Kg8 35. Rh3 b5 36. Rg3+ Kh7 37. Rf7+ Kh6 38. Rf8 Kh7 39. Rf7+ Kh6 40. Ra7 Rxa2 41. Ra6+ Kh7 42. Ra7+ Kh6 43. Ra8 Kh7 44. Rb8 a4 45. bxa4 bxa4 46. Rb7+ Kh6 47. Rb8 Kh7 48. h4 a3 49. Ra8 Rdd2 50. Rf3 Kg6 51. Raxa3 Rxf2+ 52. Rxf2 Rxa3 53. Re2 Kh5 54. Re7 Kg4 55. Kf2 Ra2+ 56. Re2 Ra3 57. Kg2 Kxf4 58. h5 Kg4 59. h6 Rg3+ 60. Kf2 Rh3 61. Re6 Rh5 62. Ke2 f4 63. Rg6+ Kf5 64. Ra6 Kg5 65. Ra5+ Kxh6 66. Rxh5+ Kxh5 67. Kf3 Kg5 68. Kf2 Kg4 69. Kg2 f3+ 70. Kf2 Kf4 71. Kf1 Ke4 72. Kf2 Kf4 73. Kf1 Ke3 74. Ke1 f2+ 75. Kf1 Kf3 1/2-1/2


[Site "https://www.chess.com"]

[Event "Titled Tuesday Blitz March 28 Late 2023"]
[White "Vedder, Richard"]
[Black "Poliakova, Varvara"]
[WhiteFideId "1004166"]
[BlackFideId "13518313"]
[WhiteElo "2168"]
[BlackElo "2075"]
[Result "0-1"]
[Round "07"]
[TimeControl "180+2"]
[Date "2023.03.28"]
[WhiteClock "0:00:21"]
[BlackClock "0:00:46"]

1. d4 h5 2. Nc3 Nf6 3. e4 d5 4. exd5 Nxd5 5. Bc4 c6 6. Nf3 Bg4 7. O-O g6 8. Re1 Nxc3 9. bxc3 Nd7 10. Ng5 e6 11. f3 Bf5 12. Ne4 Be7 13. Bf4 Qa5 14. Qd2 O-O-O 15. Bg5 Bxg5 16. Qxg5 Nb6 17. Bd3 Nd5 18. c4 Nc3 19. c5 Bxe4 20. Bxe4 Rxd4 21. Qf6 Rhd8 22. Qxf7 Qxc5 23. Qxe6+ Kb8 24. Kh1 Nd1 25. h4 Nf2+ 26. Kh2 Qd6+ 27. Qxd6+ R8xd6 28. Kg3 Rd2 29. c3 Kc7 30. a4 a5 31. Rab1 Nxe4+ 32. Rxe4 Rd7 33. Re6 Rg7 34. Rbe1 Ra2 35. Re7+ Rxe7 36. Rxe7+ Kb6 37. Re4 Kc5 38. Kh3 b5 39. axb5 cxb5 40. g4 Rc2 41. gxh5 gxh5 42. Re5+ Kc4 43. Rxh5 Rxc3 44. Kg3 a4 45. Rh8 a3 46. Ra8 Kb3 47. h5 a2 48. h6 Rc7 49. Kg4 b4 50. Kg5 Kb2 51. f4 b3 52. Kg6 a1=Q 53. Rxa1 Kxa1 54. h7 Rxh7 55. Kxh7 b2 56. f5 b1=Q 0-1


[Site "https://www.chess.com"]

[Event "Titled Tuesday Blitz March 28 Late 2023"]
[White "Kielinkei"]
[Black "Klenburg, Michael"]
[BlackFideId "14102072"]
[WhiteElo "2400"]
[BlackElo "2396"]
[Result "1-0"]
[Round "07"]
[TimeControl "180+2"]
[Date "2023.03.28"]
[WhiteClock "0:01:19"]
[BlackClock "0:01:38"]

1. Nf3 Nf6 2. g3 g6 3. Bg2 Bg7 4. d4 O-O 5. O-O d6 6. c4 Nbd7 7. Nc3 e5 8. h3 Re8 9. e4 exd4 10. Nxd4 a6 11. Re1 Rb8 12. Be3 c5 13. Nc2 Ne5 14. b3 b5 15. f4 Ned7 16. Qxd6 b4 17. e5 Nh5 18. Ne4 Bf8 19. Qd2 Bb7 20. Rad1 Bc6 21. g4 Ng7 22. Nf6+ Nxf6 23. Qxd8 Rexd8 24. exf6 Bxg2 25. fxg7 Bxg7 26. Kxg2 Bc3 27. Rf1 Rdc8 28. Rd5 1-0


[Site "https://www.chess.com"]

[Event "Titled Tuesday Blitz March 28 Late 2023"]
[White "Di Berardino, Diego Rafael"]
[Black "Ansh M Shah"]
[WhiteFideId "2105446"]
[BlackFideId "25033379"]
[WhiteElo "2432"]
[BlackElo "2084"]
[Result "1/2-1/2"]
[Round "07"]
[TimeControl "180+2"]
[Date "2023.03.28"]
[WhiteClock "0:00:06"]
[BlackClock "0:00:10"]

1. e4 c6 2. d4 d5 3. exd5 cxd5 4. c4 Nf6 5. Nc3 Nc6 6. Bg5 dxc4 7. d5 Ne5 8. Qd4 h6 9. Bf4 Ng6 10. Bxc4 Nxf4 11. Qxf4 g5 12. Qe3 Bg7 13. Nf3 O-O 14. O-O a6 15. Rfe1 Re8 16. Bb3 b5 17. Ne5 Bb7 18. Rad1 Qd6 19. a3 Nd7 20. Nf3 Nf6 21. Nd4 Rad8 22. Nf5 Qc7 23. h3 Rd7 24. h4 Qf4 25. Qxf4 gxf4 26. Rd4 Nh5 27. Nxg7 Kxg7 28. Re5 Nf6 29. Rxf4 Red8 30. Rff5 Ng4 31. Re2 Nf6 32. Rfe5 Nxd5 33. Nxd5 Bxd5 34. Bxd5 Rxd5 35. Rxe7 Rd2 36. g3 R8d4 37. Kg2 a5 38. R7e5 Rxe2 39. Rxe2 a4 40. Re5 b4 41. Ra5 bxa3 42. bxa3 Rc4 43. h5 Kf6 44. f3 Kg7 45. g4 Rd4 46. Kg3 Rc4 47. Kf2 Rc2+ 48. Kg3 Rc4 49. Kg2 Rc2+ 50. Kf1 Rc4 51. Ke2 Kf6 52. Kd3 Rf4 53. Ke3 Rc4 54. Kd3 Rf4 55. Ra6+ Kg7 56. Ke2 Rc4 57. Kd2 Rf4 58. Ke3 Rc4 59. Kf2 Rc2+ 60. Kg3 Rc4 61. Ra7 Kf6 62. Ra5 Kg7 1/2-1/2


[Site "https://www.chess.com"]

[Event "Titled Tuesday Blitz March 28 Late 2023"]
[White "Smith, Garrett L"]
[Black "Zeynalli, Rashad"]
[WhiteFideId "2024829"]
[BlackFideId "13403320"]
[WhiteElo "2324"]
[BlackElo "2125"]
[Result "1-0"]
[Round "07"]
[TimeControl "180+2"]
[Date "2023.03.28"]
[WhiteClock "0:02:13"]
[BlackClock "0:01:56"]

1. e4 c5 2. a3 Nc6 3. b4 cxb4 4. axb4 Nxb4 5. d4 d6 6. c3 Nc6 7. d5 Ne5 8. f4 Nd7 9. Nf3 Ngf6 10. e5 dxe5 11. fxe5 Ng4 12. e6 fxe6 13. dxe6 Nde5 14. Bb5+ Nc6 15. Nd4 Ne5 16. Qh5+ 1-0


[Site "https://www.chess.com"]

[Event "Titled Tuesday Blitz March 28 Late 2023"]
[White "ArtemDyachuk"]
[Black "Defend1r"]
[WhiteElo "2390"]
[BlackElo "2536"]
[Result "1-0"]
[Round "07"]
[TimeControl "180+2"]
[Date "2023.03.28"]
[WhiteClock "0:01:01"]
[BlackClock "0:02:06"]

1. Nf3 Nf6 2. c4 e6 3. e3 c5 4. b3 b6 5. Bb2 Bb7 6. Be2 Be7 7. Qc2 O-O 8. Ng5 g6 9. h4 h5 10. Bd3 Kg7 11. Nc3 d5 12. Bxg6 d4 13. Bxf7 dxc3 14. Qg6+ 1-0


[Site "https://www.chess.com"]

[Event "Titled Tuesday Blitz March 28 Late 2023"]
[White "Kohler, Aran"]
[Black "Mendez Fortes, Eduardo Jesus"]
[WhiteFideId "1002856"]
[BlackFideId "3502376"]
[WhiteElo "2313"]
[BlackElo "2307"]
[Result "0-1"]
[Round "07"]
[TimeControl "180+2"]
[Date "2023.03.28"]
[WhiteClock "0:00:08"]
[BlackClock "0:01:42"]

1. d4 Nf6 2. Bg5 e6 3. Nd2 d5 4. e3 Be7 5. Bd3 b6 6. c3 O-O 7. f4 c5 8. Ngf3 Bb7 9. h4 Ne4 10. Bxe7 Qxe7 11. Bxe4 dxe4 12. Ng5 f5 13. Qb3 Bd5 14. c4 Bc6 15. d5 Bd7 16. O-O-O h6 17. Nh3 Rd8 18. Rdg1 Qf7 19. g4 b5 20. gxf5 exd5 21. cxd5 Bxf5 22. Nf2 Rxd5 23. Ndxe4 Kf8 24. Qxb5 Nd7 25. Qc6 Nb6 26. Nc3 Rdd8 27. Qxc5+ Kg8 28. Qb5 Rac8 29. e4 Qxa2 30. Qxf5 Qa1+ 31. Kc2 Rxc3+ 32. Kxc3 Na4+ 33. Kb3 Qxb2+ 34. Kxa4 Rd4+ 35. Ka5 Qb4+ 36. Ka6 Rd6+ 37. Kxa7 Qb6+ 38. Ka8 Rd8+ 39. Qc8 Rxc8# 0-1


[Site "https://www.chess.com"]

[Event "Titled Tuesday Blitz March 28 Late 2023"]
[White "Napoli, Nicolo"]
[Black "Romkachess"]
[WhiteFideId "813702"]
[WhiteElo "2308"]
[BlackElo "2517"]
[Result "1-0"]
[Round "07"]
[TimeControl "180+2"]
[Date "2023.03.28"]
[WhiteClock "0:00:16"]
[BlackClock "0:00:04"]

1. d4 Nf6 2. Nf3 e6 3. g3 b6 4. Bg2 Bb7 5. O-O Be7 6. c4 O-O 7. Nc3 d6 8. d5 e5 9. Nh4 Re8 10. Nf5 Bf8 11. Bg5 Nbd7 12. e4 h6 13. Be3 Kh7 14. Qd2 Ng4 15. Bh3 Nxe3 16. Nxe3 Nf6 17. Ne2 g6 18. Qc2 Bg7 19. f3 Bc8 20. Bg2 a5 21. Rf2 a4 22. Raf1 Nd7 23. f4 a3 24. b3 exf4 25. gxf4 Nc5 26. e5 dxe5 27. f5 Qg5 28. Rf3 e4 29. Rg3 Qe7 30. Nf4 g5 31. f6 Qxf6 32. Ne6 Qb2 33. Bxe4+ Kh8 34. Rxf7 Qxc2 35. Bxc2 Bxe6 36. dxe6 Rxe6 37. Kg2 Rd8 38. h4 Rd2+ 39. Kh3 Rxe3 40. Rxe3 Rxc2 41. Re8+ Kh7 42. Ree7 Kg6 43. Rxg7+ Kf5 44. hxg5 hxg5 45. Ref7+ Ke4 46. Rxg5 Rxa2 47. Re7+ Kd4 48. Rxc7 Kc3 49. Rg3+ Kb4 50. Rc6 Rb2 51. Rxb6+ Ka5 52. Rb5+ Ka6 53. Rxc5 a2 54. Rg6+ Kb7 55. Rb5+ Kc7 56. Rg7+ Kc6 57. Ra7 Rb1 58. Ra6+ Kc7 59. Rxa2 Rg1 60. Rh2 Rg8 61. Rg2 Rh8+ 62. Kg3 Rg8+ 63. Kf2 Rf8+ 64. Ke2 Ra8 65. Rg7+ Kd8 66. Rg6 1-0


[Site "https://www.chess.com"]

[Event "Titled Tuesday Blitz March 28 Late 2023"]
[White "Foerster-Yialamas, Lucas"]
[Black "Fajdetic, Hrvoje"]
[WhiteFideId "30901774"]
[BlackFideId "14501945"]
[WhiteElo "2067"]
[BlackElo "2185"]
[Result "1-0"]
[Round "07"]
[TimeControl "180+2"]
[Date "2023.03.28"]
[WhiteClock "0:00:07"]
[BlackClock "0:00:02"]

1. e4 c5 2. Nf3 a6 3. c4 Nc6 4. d4 cxd4 5. Nxd4 g6 6. Nc3 Bg7 7. Be3 d6 8. Qd2 Nf6 9. Be2 O-O 10. h4 h5 11. O-O-O Qa5 12. f3 Nxd4 13. Bxd4 Be6 14. Kb1 Rfc8 15. Nd5 Qxd2 16. Rxd2 Bxd5 17. cxd5 Nd7 18. Be3 b5 19. g4 hxg4 20. fxg4 Bf6 21. h5 g5 22. Bd4 Ne5 23. b3 Rc7 24. Rc1 Rac8 25. Rxc7 Rxc7 26. Rc2 Rxc2 27. Kxc2 Nxg4 28. Bxg4 Bxd4 29. b4 Bb6 30. a3 a5 31. Be2 axb4 32. axb4 e6 33. Bxb5 exd5 34. exd5 f5 35. Kd3 Kg7 36. Bd7 Kf6 37. h6 Kg6 38. Bxf5+ Kxh6 39. Bg4 Kg6 40. Kc4 Kf6 41. Kb5 Bd4 42. Kc6 Ke5 43. b5 Bc5 44. Be6 Bd4 45. b6 Bxb6 46. Kxb6 g4 47. Kc6 g3 48. Bh3 1-0


[Site "https://www.chess.com"]

[Event "Titled Tuesday Blitz March 28 Late 2023"]
[White "Nery Junior, Jose Antonio"]
[Black "Darini, Pouria"]
[WhiteFideId "2104822"]
[BlackFideId "12502200"]
[WhiteElo "2197"]
[BlackElo "2482"]
[Result "0-1"]
[Round "07"]
[TimeControl "180+2"]
[Date "2023.03.28"]
[WhiteClock "0:00:01"]
[BlackClock "0:00:05"]

1. e4 c5 2. Nf3 Nc6 3. d4 cxd4 4. Nxd4 Nf6 5. Nc3 d6 6. Bg5 e6 7. Qd2 a6 8. f3 Bd7 9. O-O-O Be7 10. Be3 h5 11. Kb1 b5 12. a3 Rb8 13. Nxc6 Bxc6 14. Ne2 a5 15. Nd4 Bd7 16. b3 O-O 17. g4 hxg4 18. Rg1 e5 19. Nf5 Bxf5 20. exf5 d5 21. Bg5 d4 22. Bxf6 Bxf6 23. Rxg4 Qd6 24. Qxa5 Rfc8 25. Qb4 Qc7 26. Bd3 Ra8 27. Rdg1 Qc5 28. Qxc5 Rxc5 29. Kb2 Kf8 30. h4 Ke7 31. h5 Rh8 32. Rh1 Rh6 33. Be4 Rc3 34. Rg2 Rh8 35. Rd2 Rb8 36. Rd3 b4 37. axb4 Rc7 38. Rc3 dxc3+ 39. Kc1 Ra7 40. Kb1 Rb6 41. Rd1 Rba6 0-1


[Site "https://www.chess.com"]